 Dungeon Crawl Stone Soup version 0.20.1-1-g8b1a95d (webtiles) character file.

417 myopia the Covert (level 6, -1/35 HPs)
             Began as an Octopode Assassin on Jan 2, 2018.
             Slain by an orc priest
             ... wielding a +0 flail
              (7 damage)
             ... on level 4 of the Dungeon.
             The game lasted 00:12:00 (3381 turns).

myopia the Covert (Octopode Assassin)               Turns: 3381, Time: 00:12:01

Health: -1/35      AC:  1    Str: 10    XL:     6   Next: 92%
Magic:  6/6        EV: 13    Int: 13    God:
Gold:   197        SH:  0    Dex: 16    Spells: 5/5 levels left

rFire    . . .     SeeInvis .   a - +3 dagger
rCold    . . .     Gourm    .   (no shield)
rNeg     . . .     Faith    .   (helmet restricted)
rPois    .         Spirit   .   (no amulet)
rElec    .         Reflect  .   (no ring)
rCorr    .         Harm     .   (no ring)
MR       .....                  (no ring)
Stlth    +++++.....             (no ring)
Regen    0.2/turn               (no ring)
MPRegen  0.1/turn               (no ring)
                                (no ring)
                                (no ring)

@: no status effects
A: almost no armour, stealthy swim, amphibious, 8 rings, constrict 8, tentacle
spike 1, camouflage 1, frail 1, gelatinous body 1
a: no special abilities


You were on level 4 of the Dungeon.
You were hungry.

You visited 1 branch of the dungeon, and saw 4 of its levels.

You collected 197 gold pieces.

Inventory:

Hand Weapons
 a - a +3 dagger (weapon)
 b - a +0 blowgun
 p - a +0 dagger of speed
Missiles
 c - 8 poisoned needles
 d - 6 curare-tipped needles
Scrolls
 g - a scroll of teleportation
 h - a scroll of immolation
 i - a scroll of identify
 n - 2 scrolls of magic mapping {unknown}
 r - a scroll of enchant armour
 v - a scroll of random uselessness {unknown}
Potions
 l - a potion of flight
 o - a potion of brilliance {unknown}
 q - a potion of lignification {unknown}
 s - a potion of resistance {unknown}
 u - a potion of haste {unknown}
 w - 2 potions of heal wounds {unknown}
 x - a potion of ambrosia {unknown}
Comestibles
 f - 3 bread rations
 j - 2 royal jellies


   Skills:
 - Level 2.0 Fighting
 + Level 5.1 Short Blades
 - Level 2.0 Throwing
 - Level 1.0 Dodging
 + Level 8.8 Stealth


You had 5 spell levels left.
You didn't know any spells.

Dungeon Overview and Level Annotations

Branches:
Dungeon (4/15)
 Temple: D:4-7

Altars:


Innate Abilities, Weirdness & Mutations

You cannot wear most types of armour.
You are very stealthy in the water. (Stealth+)
You are amphibious.
You can wear up to eight rings at the same time.
You can use your tentacles to constrict eight enemies at once.
Your skin changes colour to match your surroundings (Stealth+).
Your rubbery body absorbs attacks. (AC +1, EV +1)
One of your tentacles bears a spike.
You are frail. (-10% HP)


Message History

You feel extremely strange.
You feel weaker.
You feel less repulsive.
You feel genetically unstable.
You feel frail.
One of your lower tentacles grows a sharp spike.
You are feeling hungry.
Okay, then.
An orc wizard comes into view.
It is wielding a dagger. 2 orcs, an orc priest, an orc wizard and a phantom come into view.
An orc is wielding a trident of protection.
Found a stone staircase leading down.
The orc priest shouts!
The orc priest calls down the wrath of Beogh upon you.
Beogh smites you!
* * * LOW HITPOINT WARNING * * *
The orc priest mumbles some strange prayers to Beogh against you.
You barely resist. You hit the orc priest. Your grab misses the orc priest.
The orc priest is heavily wounded.
The orc priest hits you with a flail!
You die...

#.>...... #...o....
#........
####o.......
#.....# #####
#.########...#
#.#......'...#
#o##.#####...#
#.@........###
####.####..########
#...............
####...#........
#............
#.#.#........
#...###.#####
########## #....#
#.....#########.##


You could see an orc priest.

Vanquished Creatures
  The ghost of hilaritas the Magician, an amateur DECj of Vehumet (D:4)
  A hound (D:4)
  A centaur skeleton (D:4)
  A worker ant (D:4)
  Robin (D:2)
  4 gnolls (D:3)
  4 adders
  An ooze (D:2)
  3 worms
  5 dart slugs
  A leopard gecko (D:4)
  7 orcs (D:3)
  2 giant cockroaches
  11 goblins
  11 hobgoblins
  4 bats
  3 frilled lizards
  4 kobolds
  8 rats
73 creatures vanquished.

Notes
Turn   | Place    | Note
-------+----------+-------------------------------------------
     0 | D:1      | myopia the Octopode Assassin began the quest for the Orb.
     0 | D:1      | Reached XP level 1. HP: 14/14 MP: 1/1
   522 | D:1      | Reached XP level 2. HP: 13/19 MP: 2/2
  1016 | D:2      | Reached skill level 6 in Stealth
  1039 | D:2      | Reached XP level 3. HP: 16/24 MP: 3/3
  1309 | D:2      | Noticed Robin
  1353 | D:2      | HP: 1/24 [Robin/whip (3)]
  1356 | D:2      | Killed Robin
  1356 | D:2      | Reached XP level 4. HP: 12/29 MP: 4/4
  1510 | D:2      | Found a faded altar of an unknown god.
  1891 | D:3      | Reached skill level 7 in Stealth
  2245 | D:3      | Reached XP level 5. HP: 34/34 MP: 5/5
  3030 | D:4      | Reached skill level 8 in Stealth
  3030 | D:4      | Reached XP level 6. HP: 39/39 MP: 6/6
  3221 | D:4      | Noticed hilaritas's ghost (amateur DECj)
  3234 | D:4      | HP: 1/39 [hilaritas's ghost/flame tongue (17)]
  3237 | D:4      | Killed hilaritas's ghost
  3237 | D:4      | Reached skill level 5 in Short Blades
  3319 | D:4      | Gained mutation: Your muscles are strong. (Str +2) [potion of mutation]
  3319 | D:4      | Gained mutation: You are surrounded by a mild repulsion field. (EV +2) [potion of mutation]
  3319 | D:4      | Gained mutation: You are somewhat resistant to further mutation. [potion of mutation]
  3320 | D:4      | Lost mutation: Your muscles are strong. (Str +2) [potion of mutation]
  3320 | D:4      | Lost mutation: You are surrounded by a mild repulsion field. (EV +2) [potion of mutation]
  3320 | D:4      | Lost mutation: You are somewhat resistant to further mutation. [potion of mutation]
  3320 | D:4      | Gained mutation: You are frail. (-10% HP) [potion of mutation]
  3320 | D:4      | Gained mutation: One of your tentacles bears a spike. [potion of mutation]
  3369 | D:4      | Noticed a phantom
  3381 | D:4      | Slain by an orc priest

Skill      XL: |  1  2  3  4  5  6 |
---------------+-------------------+-----
Stealth        | 6 7 8 |  8.8
Short Blades   | 3 4 5 |  5.1
Fighting       | |  2.0
Throwing       | |  2.0
Dodging        | |  1.0

Action                   |  1- 3 |  4- 6 || total
-------------------------+-------+-------++-------
Melee: Dagger            |    63 |   107 ||   170
       Constrict         |    14 |    23 ||    37
       Tentacles         |     8 |    25 ||    33
  Use: Potion            |     1 |     3 ||     4
       Scroll            |       |     7 ||     7
 Stab: Sleeping          |    10 |    10 ||    20
       Distracted        |       |     1 ||     1
  Eat: Chunk             |     1 |     6 ||     7
Armor: Skin              |     4 |     1 ||     5
Dodge: Dodged            |    21 |    39 ||    60
